[Event "January 9 Late 2024"]
[Site "https://www.chess.com"]
[Date "2024.01.09"]
[Round "2"]
[White "Smirnov, Anton"]
[Black "Manukyan, Sargis A."]
[Result "1-0"]
[Board "43"]
[TimeControl "180+1"]
[WhiteFideId "3208923"]
[BlackFideId "13303970"]
[WhiteElo "2939"]
[BlackElo "2612"]
[WhiteTeam "AUS"]
[BlackTeam "ARM"]
[WhiteClock "0:00:12"]
[BlackClock "0:00:03"]

1. e4 c5 2. Nf3 d6 3. d4 cxd4 4. Nxd4 Nf6 5. Nc3 g6 6. Be3 Bg7 7. f3 O-O 8. Bc4 Nc6 9. Qd2 Bd7 10. Bb3 Rc8 11. h4 Nxd4 12. Bxd4 b5 13. h5 a5 14. a4 bxa4 15. Nxa4 e5 16. Bc3 d5 17. hxg6 hxg6 18. Bxa5 Qe8 19. Nb6 dxe4 20. Nxc8 Qxc8 21. Bc3 exf3 22. gxf3 Bc6 23. Qg2 Qf5 24. Qh3 Qf4 25. Bd2 Qd4 26. Ra6 Rd8 27. Bg5 Qd1+ 28. Kf2 Rd2+ 29. Bxd2 Qxd2+ 30. Kg1 Qe3+ 31. Kf1 Bb5+ 32. Kg2 Qe2+ 33. Kg1 Bxa6 34. Qg2 Qe1+ 35. Kh2 Qh4+ 36. Kg1 Qd4+ 37. Kh2 Nh5 38. Qxg6 Qh4+ 39. Kg1 Qe1+ 40. Kh2 Qf2+ 41. Qg2 Qh4+ 42. Kg1 Qd4+ 43. Kh2 Kf8 44. Rg1 e4 45. Qg5 Be5+ 46. Kh3 Bc8+ 47. Rg4 Bxg4+ 48. Kxg4 Nf6+ 49. Kh3 exf3 50. Qf5 Qf4 51. Qxf4 Bxf4 52. Bc4 f2 53. Kg2 Be3 54. b4 Ne4 55. Bd3 Nd2 56. c4 Ke7 57. c5 Kd7 58. Bb5+ Kc7 59. Be2 Ne4 60. Kf3 Nxc5 61. Kxe3 Na6 62. Bxa6 Kb6 63. Bf1 f5 64. b5 f4+ 65. Kxf2 Kc5 66. Kf3 Kb6 67. Kxf4 Kc5 68. Ke4 Kb6 69. Kd4 Ka5 70. Kc5 Ka4 71. b6 Kb3 72. b7 1-0

[Event "January 9 Late 2024"]
[Site "https://www.chess.com"]
[Date "2024.01.09"]
[Round "2"]
[White "Erdogan, Anil Berk"]
[Black "Aravindh, Chithambaram VR."]
[Result "0-1"]
[Board "44"]
[TimeControl "180+1"]
[WhiteFideId "6348173"]
[BlackFideId "5072786"]
[WhiteElo "2610"]
[BlackElo "2938"]
[WhiteTeam "TUR"]
[BlackTeam "IND"]
[WhiteClock "0:00:12"]
[BlackClock "0:02:14"]

1. e4 Nf6 2. e5 Nd5 3. Nc3 Nxc3 4. dxc3 d6 5. Bc4 e6 6. Nf3 Be7 7. O-O O-O 8. Qe2 Nd7 9. Bf4 d5 10. Bd3 Nc5 11. Rad1 Nxd3 12. Rxd3 b6 13. Rd2 c5 14. c4 Ba6 15. b3 Qe8 16. Bg5 Bxg5 17. Nxg5 h6 18. Nh3 dxc4 19. Rd6 Qb5 20. a4 Qa5 21. Qg4 cxb3 22. Nf4 Qc3 23. cxb3 Bxf1 24. Kxf1 Qxe5 25. Rd1 Rad8 26. Rxd8 Rxd8 27. g3 Qe4 28. h4 Qh1+ 29. Ke2 Qd1+ 0-1

[Event "January 9 Late 2024"]
[Site "https://www.chess.com"]
[Date "2024.01.09"]
[Round "2"]
[White "Daneshvar, Bardiya"]
[Black "Zhu, Jiner"]
[Result "1-0"]
[Board "45"]
[TimeControl "180+1"]
[WhiteFideId "12576468"]
[BlackFideId "8608059"]
[WhiteElo "2938"]
[BlackElo "2610"]
[WhiteTeam "IRI"]
[BlackTeam "CHN"]
[WhiteClock "0:01:12"]
[BlackClock "0:00:33"]

1. b3 d5 2. Bb2 e6 3. Nf3 Nf6 4. g3 c5 5. Bg2 Nc6 6. d4 Be7 7. O-O O-O 8. dxc5 Bxc5 9. Nbd2 b6 10. c4 Bb7 11. cxd5 Nxd5 12. a3 Be7 13. b4 Bf6 14. Bxf6 Qxf6 15. Ne4 Qe7 16. Qb3 Rfd8 17. Qb2 Rac8 18. Rac1 f6 19. Rfd1 Rc7 20. Ned2 Rcd7 21. Nb3 Nc7 22. Rxd7 Rxd7 23. Ne1 Nd8 24. Nd3 Bxg2 25. Kxg2 e5 26. Nd2 Nde6 27. Qb3 Kh8 28. Qc4 h6 29. Nf3 Nd4 30. Nxd4 exd4 31. Nf4 Qe4+ 32. f3 Qe8 33. Qc6 g5 34. Qxf6+ Kh7 35. Qf5+ Kh8 36. Ng6+ Kg7 37. Ne5 Re7 38. Rc6 Ne6 39. Rd6 Qb5 40. Qg6+ 1-0

[Event "January 9 Late 2024"]
[Site "https://www.chess.com"]
[Date "2024.01.10"]
[Round "2"]
[White "Yang, Kevin"]
[Black "Ashraf, Artin"]
[Result "1-0"]
[Board "46"]
[TimeControl "180+1"]
[WhiteFideId "30908485"]
[BlackFideId "22514805"]
[WhiteElo "2610"]
[BlackElo "2932"]
[WhiteTeam "USA"]
[BlackTeam "IRI"]
[WhiteClock "0:00:05"]
[BlackClock "0:00:02"]

1. d4 d5 2. Nf3 e6 3. Bf4 c5 4. e3 Nc6 5. c3 Bd6 6. Bg3 Nge7 7. Bd3 cxd4 8. exd4 O-O 9. Nbd2 f6 10. c4 dxc4 11. Nxc4 Bb4+ 12. Kf1 Nd5 13. Qc2 h6 14. Rd1 Nce7 15. a3 Ba5 16. Nxa5 Qxa5 17. Bd6 Bd7 18. Qc5 Qd8 19. h4 Bc6 20. Re1 Qd7 21. Bxe7 Nxe7 22. Bc4 Nd5 23. Qa5 Rac8 24. Qd2 Qd6 25. Rh3 Rc7 26. Rg3 Nf4 27. Bb3 Bd5 28. Bxd5 exd5 29. Kg1 Rfc8 30. Rg4 Ne6 31. Qxh6 Nf8 32. Qh5 Qd7 33. Rg3 Qf7 34. Qg4 Rc2 35. b4 Rd8 36. h5 Kh7 37. Nh4 Kh8 38. Nf5 Rc7 39. h6 g5 40. Rge3 Ng6 41. Qh5 Kh7 42. Qg4 Rdd7 43. Ng7 Nf4 44. Ne6 Nxe6 45. Qf5+ Kxh6 46. Rh3+ Kg7 47. Rh7+ Kf8 48. Rxf7+ Rxf7 49. Rxe6 1-0

[Event "January 9 Late 2024"]
[Site "https://www.chess.com"]
[Date "2024.01.09"]
[Round "2"]
[White "Matlakov, Maxim"]
[Black "Estrada Nieto, Julian"]
[Result "1-0"]
[Board "47"]
[TimeControl "180+1"]
[WhiteFideId "4168003"]
[BlackFideId "5101018"]
[WhiteElo "2928"]
[BlackElo "2607"]
[WhiteTeam "RUS"]
[BlackTeam "ESP"]
[WhiteClock "0:01:52"]
[BlackClock "0:01:06"]

1. d4 d5 2. Nf3 Nf6 3. Bg5 Ne4 4. Bh4 c6 5. e3 Qb6 6. Nbd2 Qxb2 7. Nxe4 dxe4 8. Nd2 e5 9. Bc4 Bf5 10. Rb1 Qc3 11. Rxb7 Bb4 12. Bxf7+ Kf8 13. O-O Nd7 14. Nb1 Kxf7 15. Nxc3 Bxc3 16. dxe5 Ke8 17. Qd6 Bxe5 18. Qe7# 1-0

[Event "January 9 Late 2024"]
[Site "https://www.chess.com"]
[Date "2024.01.09"]
[Round "2"]
[White "Rodgers, Jack"]
[Black "Indjic, Aleksandar"]
[Result "0-1"]
[Board "48"]
[TimeControl "180+1"]
[WhiteFideId "3220885"]
[BlackFideId "911925"]
[WhiteElo "2606"]
[BlackElo "2927"]
[WhiteTeam "AUS"]
[BlackTeam "SRB"]
[WhiteClock "0:00:03"]
[BlackClock "0:00:58"]

1. d4 Nf6 2. Bg5 Nc6 3. e3 e5 4. dxe5 Nxe5 5. Nf3 h6 6. Bf4 Nxf3+ 7. Qxf3 d6 8. Nc3 c6 9. Bd3 g5 10. O-O gxf4 11. exf4 Bg7 12. Rfe1+ Kf8 13. f5 h5 14. h3 d5 15. Re2 Qd6 16. Rae1 Bd7 17. a3 Re8 18. Rxe8+ Bxe8 19. Ne2 Bh6 20. Nd4 Qf4 21. Qxf4 Bxf4 22. g3 Bd6 23. b4 Bd7 24. Kg2 Kg7 25. f3 Re8 26. Rxe8 Bxe8 27. c3 Kh6 28. h4 Be5 29. Kf2 Nd7 30. Ne2 Nb6 31. g4 hxg4 32. fxg4 Na4 33. c4 Nb2 34. g5+ Kh5 35. cxd5 Nxd3+ 36. Ke3 cxd5 37. Ng1 Ne1 38. Ke2 Bc3 39. Nh3 Kxh4 40. Nf4 d4 41. g6 fxg6 42. fxg6 d3+ 43. Kd1 d2 0-1

[Event "January 9 Late 2024"]
[Site "https://www.chess.com"]
[Date "2024.01.09"]
[Round "2"]
[White "Bok, Benjamin"]
[Black "Ozdemir, Serhan Berat"]
[Result "1-0"]
[Board "49"]
[TimeControl "180+1"]
[WhiteFideId "1017063"]
[BlackFideId "6374611"]
[WhiteElo "2927"]
[BlackElo "2603"]
[WhiteTeam "NED"]
[BlackTeam "TUR"]
[WhiteClock "0:00:49"]
[BlackClock "0:00:02"]

1. d4 Nf6 2. c4 g6 3. g3 Bg7 4. Bg2 O-O 5. Nc3 d6 6. Nf3 c6 7. e4 Qa5 8. O-O e5 9. h3 Nbd7 10. Be3 Re8 11. Qc2 exd4 12. Nxd4 Ne5 13. b3 a6 14. Rad1 Qc7 15. Rfe1 c5 16. Nde2 Be6 17. Nf4 Rad8 18. Rd2 h6 19. Red1 Nc6 20. Nxe6 Rxe6 21. Nd5 Qb8 22. Nxf6+ Rxf6 23. e5 Re6 24. Bxc6 bxc6 25. Rxd6 Rexd6 26. exd6 Bd4 27. Bxd4 cxd4 28. c5 Qb4 29. Qc4 Qxc4 30. bxc4 Kf8 31. Rxd4 f5 32. Rd3 Kf7 33. Rb3 Re8 34. Rb6 Re4 35. Rxa6 Rxc4 36. Rxc6 Ke6 37. Rc7 g5 38. d7 Ke7 39. c6 f4 40. gxf4 gxf4 41. Rc8 Rd4 42. Re8+ 1-0

[Event "January 9 Late 2024"]
[Site "https://www.chess.com"]
[Date "2024.01.09"]
[Round "2"]
[White "Shubenkova, Veronika"]
[Black "Alekseenko, Kirill"]
[Result "0-1"]
[Board "50"]
[TimeControl "180+1"]
[WhiteFideId "44124040"]
[BlackFideId "4135539"]
[WhiteElo "2601"]
[BlackElo "2925"]
[WhiteTeam "RUS"]
[BlackTeam "AUT"]
[WhiteClock "0:00:24"]
[BlackClock "0:00:06"]

1. e4 e5 2. Nf3 Nc6 3. Bb5 a6 4. Bxc6 dxc6 5. O-O Qf6 6. d3 Ne7 7. Be3 Ng6 8. Nbd2 h6 9. d4 Bg4 10. c3 O-O-O 11. Qc2 Be7 12. a4 Qe6 13. b4 f5 14. Nxe5 Nxe5 15. dxe5 fxe4 16. b5 a5 17. bxc6 Qxc6 18. Nb3 Qd5 19. c4 Qxe5 20. c5 Rd3 21. Nxa5 Qc3 22. Qxc3 Rxc3 23. Bd4 Rd3 24. Be3 Rhd8 25. Nc4 Rd1 26. Raxd1 Rxd1 27. Rxd1 Bxd1 28. a5 Be2 29. Nd2 Bd3 30. f3 exf3 31. Nxf3 g5 32. h3 Be4 33. Nd2 Bd5 34. Kf2 Kd7 35. g3 Kc6 36. Nf3 Bxf3 37. Kxf3 Bxc5 38. Bd2 Kb5 39. Kg4 Bb4 40. Be3 Bd6 41. Bd2 c5 42. Kh5 Bxg3 43. Kxh6 Bf4 44. Be1 g4+ 0-1

[Event "January 9 Late 2024"]
[Site "https://www.chess.com"]
[Date "2024.01.09"]
[Round "2"]
[White "O`Gorman, Tom"]
[Black "Ibarra Jerez, Jose Carlos"]
[Result "0-1"]
[Board "51"]
[TimeControl "180+1"]
[WhiteFideId "2508249"]
[BlackFideId "2226332"]
[WhiteElo "2600"]
[BlackElo "2924"]
[WhiteTeam "IRL"]
[BlackTeam "ESP"]
[WhiteClock "0:00:59"]
[BlackClock "0:02:12"]

1. d4 Nf6 2. c4 d6 3. Nc3 e5 4. Nf3 e4 5. Ng5 Qe7 6. g3 h6 7. Nh3 c6 8. Bg2 Bf5 9. O-O Qd7 10. Qb3 Bxh3 11. Bxh3 Qxh3 12. f3 exf3 13. exf3 Qd7 14. Ne4 Nxe4 15. fxe4 Be7 0-1

[Event "January 9 Late 2024"]
[Site "https://www.chess.com"]
[Date "2024.01.09"]
[Round "2"]
[White "Hamblok, Roel"]
[Black "Zhigalko, Sergei"]
[Result "0-1"]
[Board "52"]
[TimeControl "180+1"]
[WhiteFideId "209317"]
[BlackFideId "13502956"]
[WhiteElo "2596"]
[BlackElo "2919"]
[WhiteTeam "BEL"]
[BlackTeam "BLR"]
[WhiteClock "0:01:07"]
[BlackClock "0:01:13"]

1. e4 c5 2. Nf3 Nc6 3. d4 cxd4 4. Nxd4 Nf6 5. Nc3 e5 6. Ndb5 d6 7. Be3 a6 8. Na3 Rb8 9. Nd5 Nxd5 10. exd5 Ne7 11. Qd2 Nf5 12. Nc4 Nxe3 13. fxe3 Be7 14. a4 O-O 15. a5 Bg5 16. Nb6 Bh6 17. h4 f5 18. O-O-O f4 19. Kb1 fxe3 20. Qe2 Rf2 21. Qc4 Bf5 22. Bd3 Bxd3 23. Qxd3 Rxg2 24. Qf5 e2 25. Rde1 Bd2 26. Qe4 Bxe1 27. Qxg2 Bxa5 0-1

[Event "January 9 Late 2024"]
[Site "https://www.chess.com"]
[Date "2024.01.09"]
[Round "2"]
[White "Liascovich, Lucas"]
[Black "Filipets, Egor"]
[Result "1-0"]
[Board "53"]
[TimeControl "180+1"]
[WhiteFideId "108634"]
[BlackFideId "13503928"]
[WhiteElo "2914"]
[BlackElo "2596"]
[WhiteTeam "ARG"]
[BlackTeam "BLR"]
[WhiteClock "0:00:57"]
[BlackClock "0:00:10"]

1. e4 d6 2. d4 Nf6 3. Nc3 g6 4. f4 Bg7 5. Nf3 c5 6. dxc5 Qa5 7. Bd3 Qxc5 8. Qe2 Bg4 9. Be3 Qa5 10. O-O Nc6 11. Kh1 h5 12. h3 Bd7 13. Ng5 h4 14. Nd5 Nh5 15. Bf2 e6 16. c3 exd5 17. exd5+ Kf8 18. dxc6 Bxc6 19. Bxh4 Re8 20. Qf2 Qd5 21. Rad1 Nxf4 22. Be4 Qxe4 23. Nxe4 Rxe4 24. Rxd6 Be5 25. Rd8+ Kg7 26. Rxh8 Kxh8 27. Re1 Nxg2 28. Rxe4 Bxe4 29. Bf6+ Bxf6 30. Qxf6+ Kg8 31. Qd8+ Kh7 32. Kh2 Nh4 33. Qxh4+ 1-0

[Event "January 9 Late 2024"]
[Site "https://www.chess.com"]
[Date "2024.01.09"]
[Round "2"]
[White "Pinheiro, Iung Alicio de O."]
[Black "Livaic, Leon"]
[Result "1-0"]
[Board "54"]
[TimeControl "180+1"]
[WhiteFideId "2104350"]
[BlackFideId "14531534"]
[WhiteElo "2595"]
[BlackElo "2902"]
[WhiteTeam "BRA"]
[BlackTeam "CRO"]
[WhiteClock "0:00:08"]
[BlackClock "0:00:00"]

1. d4 f5 2. e4 fxe4 3. Nc3 Nf6 4. f3 e3 5. Bxe3 e6 6. a3 b6 7. Bc4 Bb7 8. Nge2 Bd6 9. Qd2 Nc6 10. O-O-O a6 11. Ba2 Ne7 12. Bg5 O-O 13. Kb1 Kh8 14. h4 b5 15. h5 h6 16. Bh4 Rb8 17. d5 exd5 18. Bxf6 Rxf6 19. Nxd5 Bxd5 20. Bxd5 b4 21. a4 Nxd5 22. Qxd5 b3 23. cxb3 Re6 24. Nc1 Qf6 25. Rhe1 Rbe8 26. Rxe6 Rxe6 27. Qd3 Re5 28. Qxa6 Rxh5 29. Qa8+ Kh7 30. Qe4+ g6 31. Nd3 Rg5 32. g4 h5 33. gxh5 Rxh5 34. f4 Rh2 35. Rg1 Bc5 36. Rh1 Qh4 37. Rxh2 Qxh2 38. Qd5 Bd6 39. a5 Qg1+ 40. Ka2 Qe3 41. Ne5 Qa7 42. Qf7+ 1-0

[Event "January 9 Late 2024"]
[Site "https://www.chess.com"]
[Date "2024.01.09"]
[Round "2"]
[White "Hess, Robert"]
[Black "Roberson, Peter T"]
[Result "1-0"]
[Board "55"]
[TimeControl "180+1"]
[WhiteFideId "2022036"]
[BlackFideId "412384"]
[WhiteElo "2902"]
[BlackElo "2594"]
[WhiteTeam "USA"]
[BlackTeam "ENG"]
[WhiteClock "0:00:08"]
[BlackClock "0:00:04"]

1. b3 Nf6 2. Bb2 g6 3. h3 Bg7 4. e3 O-O 5. Ne2 a5 6. a3 c5 7. a4 b6 8. Na3 Bb7 9. Nf4 Nc6 10. Bc4 d5 11. Bb5 d4 12. O-O e5 13. Nd3 Nd5 14. Nc4 e4 15. Bxc6 Bxc6 16. Nde5 Bb7 17. exd4 cxd4 18. Bxd4 Nf4 19. Bxb6 Qg5 20. Qg4 Qxg4 21. Nxg4 f5 22. Nge3 Ne2+ 23. Kh2 Bxa1 24. Rxa1 f4 25. Ng4 f3 26. gxf3 exf3 27. Nxa5 Bc8 28. Nc4 Bxg4 29. hxg4 Rf4 30. Ne3 h5 31. Bc7 Rf7 32. Kh3 Rxc7 33. gxh5 Kg7 34. Kg4 gxh5+ 35. Kxf3 Nd4+ 36. Ke4 Nxc2 37. Rg1+ Kf7 38. Nc4 Nb4 39. Ne5+ Ke6 40. Rg6+ Ke7 41. Rg7+ Kd6 42. Nc4+ Kc6 43. Rg6+ Kb7 44. Rb6+ Kc8 45. Rxb4 h4 46. Kd5 Rh7 47. Nb6+ Kb7 48. Nxa8+ Kxa8 49. Rg4 h3 50. Rg1 Rd7+ 51. Kc6 Rxd2 52. b4 Rxf2 53. b5 h2 54. Rg8+ Ka7 55. b6+ Ka6 56. Ra8# 1-0

[Event "January 9 Late 2024"]
[Site "https://www.chess.com"]
[Date "2024.01.09"]
[Round "2"]
[White "Kochiev, Ivan"]
[Black "Kuzubov, Yuriy"]
[Result "0-1"]
[Board "56"]
[TimeControl "180+1"]
[WhiteFideId "2917890"]
[BlackFideId "14112906"]
[WhiteElo "2594"]
[BlackElo "2902"]
[WhiteTeam "BUL"]
[BlackTeam "UKR"]
[WhiteClock "0:00:28"]
[BlackClock "0:01:08"]

1. e4 e6 2. d4 d5 3. Nd2 Nc6 4. Ngf3 Nf6 5. e5 Nd7 6. c3 f6 7. Nh4 g6 8. exf6 Qxf6 9. g3 e5 10. dxe5 Ndxe5 11. Nhf3 Bg4 12. Be2 Bc5 13. h3 Bxf3 14. Nxf3 Rf8 15. Bf4 O-O-O 16. O-O Nxf3+ 17. Bxf3 g5 18. Bg4+ Kb8 19. Be3 Bxe3 20. fxe3 Qe5 21. Rf3 Qe7 22. Qe2 Ne5 23. Rxf8 Rxf8 24. Rf1 Rxf1+ 25. Kxf1 c6 26. Bf5 Nc4 27. e4 Nd6 28. Qe3 Nxf5 0-1

[Event "January 9 Late 2024"]
[Site "https://www.chess.com"]
[Date "2024.01.09"]
[Round "2"]
[White "Santos Latasa, Jaime"]
[Black "Siniauski, Artsiom"]
[Result "1-0"]
[Board "57"]
[TimeControl "180+1"]
[WhiteFideId "2293307"]
[BlackFideId "13512269"]
[WhiteElo "2901"]
[BlackElo "2593"]
[WhiteTeam "ESP"]
[BlackTeam "FID"]
[WhiteClock "0:00:47"]
[BlackClock "0:00:17"]

1. Nf3 Nf6 2. b3 g6 3. Bb2 Bg7 4. g3 O-O 5. Bg2 b6 6. Ne5 c6 7. O-O Bb7 8. d4 d6 9. Nd3 Nbd7 10. Nd2 Rc8 11. a4 Qc7 12. e4 e5 13. dxe5 Nxe5 14. Nxe5 dxe5 15. Qe2 Nd7 16. Rfd1 Rcd8 17. Ba3 Rfe8 18. Nc4 Ba6 19. Bf1 Bf8 20. Bb2 Bc5 21. Qf3 Bd4 22. Nd6 Qxd6 23. Bxa6 Qf6 24. Qxf6 Nxf6 25. c3 Bc5 26. b4 Bf8 27. Bb7 c5 28. Bc6 Rxd1+ 29. Rxd1 Rc8 30. b5 c4 31. f3 Bc5+ 32. Kf1 Kf8 33. Ke2 Ke7 34. Ra1 Nd7 35. a5 bxa5 36. Rxa5 Nf8 37. Ra4 Ne6 38. Rxc4 Rd8 39. Ra4 Bb6 40. Ba3+ Kf6 41. Bd5 Nc5 42. Rc4 Nd7 43. Rc6+ Kg7 44. c4 Nb8 45. Rd6 Rxd6 46. Bxd6 Nd7 47. Bc6 Nc5 48. Bxe5+ Kf8 49. Bd6+ Kg7 50. e5 f6 51. f4 f5 52. Bd5 Ne4 53. Bxe4 fxe4 54. c5 Ba5 55. Ke3 Kf7 56. Kxe4 Ke6 57. g4 1-0

[Event "January 9 Late 2024"]
[Site "https://www.chess.com"]
[Date "2024.01.09"]
[Round "2"]
[White "Melkumyan, Hrant"]
[Black "Avila Bautista, Roberto Al"]
[Result "1-0"]
[Board "58"]
[TimeControl "180+1"]
[WhiteFideId "13302485"]
[BlackFideId "5119987"]
[WhiteElo "2895"]
[BlackElo "2587"]
[WhiteTeam "ARM"]
[BlackTeam "MEX"]
[WhiteClock "0:00:29"]
[BlackClock "0:00:02"]

1. Nf3 Nf6 2. c4 c5 3. Nc3 g6 4. d4 cxd4 5. Nxd4 Nc6 6. e4 Bg7 7. Be3 Ng4 8. Qxg4 Nxd4 9. Qd1 Ne6 10. Rc1 b6 11. f3 Bb7 12. Qd2 O-O 13. Be2 Be5 14. Nd5 Re8 15. f4 Bg7 16. O-O Nc5 17. e5 d6 18. b4 Na6 19. exd6 Qxd6 20. Bf3 Rab8 21. c5 bxc5 22. bxc5 Qe6 23. c6 Bc8 24. Rfe1 Rb2 25. Rc2 Rxc2 26. Qxc2 Qd6 27. Rd1 Qa3 28. c7 e6 29. Qc6 Rf8 30. Bc1 Qxa2 31. Ne7+ Kh8 32. Nxc8 Nb4 33. Qc5 Nc2 34. Qxf8+ Bxf8 35. Nd6 Ne3 36. Bxe3 Bxd6 37. c8=Q+ Kg7 38. Rxd6 1-0

[Event "January 9 Late 2024"]
[Site "https://www.chess.com"]
[Date "2024.01.09"]
[Round "2"]
[White "Kovacsy, Barnabas"]
[Black "Christiansen, Johan-Sebastian"]
[Result "0-1"]
[Board "59"]
[TimeControl "180+1"]
[WhiteFideId "769290"]
[BlackFideId "1512668"]
[WhiteElo "2585"]
[BlackElo "2894"]
[WhiteTeam "HUN"]
[BlackTeam "NOR"]
[WhiteClock "0:00:00"]
[BlackClock "0:00:25"]

1. e4 e5 2. Nf3 Nc6 3. Bb5 f5 4. d3 fxe4 5. dxe4 Nf6 6. O-O Bc5 7. Nc3 d6 8. Bc4 Na5 9. Bb3 Nxb3 10. axb3 O-O 11. Qd3 Kh8 12. Bg5 a6 13. Nd5 Be6 14. Nxf6 gxf6 15. Be3 Bxe3 16. Qxe3 f5 17. exf5 Bxf5 18. c3 Qf6 19. Nd2 Rg8 20. Ne4 Qg6 21. Ng3 Be6 22. b4 h5 23. h4 Raf8 24. Rad1 Rf4 25. Qa7 Bc8 26. Qb8 Qf7 27. Qa7 Rxh4 28. Qe3 Rf4 29. Ne2 Rf6 30. Ng3 h4 31. Ne4 Rfg6 32. g3 Bg4 33. Rd3 Bf5 34. Kg2 Qh7 35. f3 Rxg3+ 36. Nxg3 Rxg3+ 37. Kf2 Bxd3 38. Rh1 Bf5 39. Qa7 Qe7 40. Qxb7 e4 41. Qb8+ Kg7 42. Qa7 Rxf3+ 43. Ke2 Rg3 44. Qd4+ Qe5 45. Qxe5+ dxe5 46. Rxh4 e3 47. c4 Bg4+ 48. Kd3 e2+ 49. Kd2 Rg1 0-1

[Event "January 9 Late 2024"]
[Site "https://www.chess.com"]
[Date "2024.01.09"]
[Round "2"]
[White "Rodriguez Fontecha, Marcos"]
[Black "Gledura, Benjamin"]
[Result "0-1"]
[Board "60"]
[TimeControl "180+1"]
[WhiteFideId "2256576"]
[BlackFideId "712779"]
[WhiteElo "2579"]
[BlackElo "2890"]
[WhiteTeam "ESP"]
[BlackTeam "HUN"]
[WhiteClock "0:01:25"]
[BlackClock "0:01:36"]

1. d4 Nf6 2. Nf3 e6 3. Bf4 b6 4. e3 Bb7 5. Bd3 g6 6. O-O Bg7 7. c4 O-O 8. Nc3 d6 9. Qc2 Nbd7 10. Bg3 Qe7 11. h3 e5 12. dxe5 dxe5 13. Nd2 Rad8 14. Be2 a6 15. Bh4 h6 16. Bf3 Bxf3 17. Nxf3 g5 18. Bg3 Qe6 19. b3 c6 20. Rad1 Nh5 21. Bh2 f5 22. Rd2 Nc5 23. Rfd1 Rxd2 24. Rxd2 g4 25. hxg4 fxg4 26. Nh4 g3 27. Bxg3 Nxg3 28. fxg3 e4 29. Nd1 Qg4 30. Kh2 Be5 0-1

[Event "January 9 Late 2024"]
[Site "https://www.chess.com"]
[Date "2024.01.09"]
[Round "2"]
[White "Tang, Andrew"]
[Black "Asish Panda"]
[Result "1-0"]
[Board "61"]
[TimeControl "180+1"]
[WhiteFideId "2059630"]
[BlackFideId "45012458"]
[WhiteElo "2887"]
[BlackElo "2579"]
[WhiteTeam "USA"]
[BlackTeam "IND"]
[WhiteClock "0:00:03"]
[BlackClock "0:00:00"]

1. d4 d5 2. Bf4 Nf6 3. e3 e6 4. Nf3 Bd6 5. Nbd2 Ne4 6. Nxe4 dxe4 7. Ne5 O-O 8. Bg3 Nd7 9. Nc4 Nf6 10. c3 Nd5 11. Nxd6 cxd6 12. c4 Ne7 13. Qd2 d5 14. c5 Nf5 15. Bf4 g5 16. Bg3 h5 17. h4 Nxg3 18. fxg3 g4 19. Qf2 Kg7 20. b4 Bd7 21. Be2 b6 22. O-O bxc5 23. bxc5 Rb8 24. Qf4 f6 25. Rf2 Rb2 26. Raf1 Rxa2 27. Qd6 Bc8 28. Qf4 Rxe2 29. Rxe2 Ba6 30. Ra2 Bxf1 31. Kxf1 Rf7 32. Kg1 a5 33. Qf2 Ra7 34. Ra4 Qd7 35. Qc2 Qb5 36. Kh2 Ra6 37. Qa2 Kg6 38. Qa3 Qd3 39. Qc1 Qb5 40. Ra2 a4 41. Rb2 Qe8 42. Ra2 Qb5 43. Ra3 Qb4 44. c6 Rxc6 45. Qxc6 Qxa3 46. Qxe6 Qxe3 47. Qxd5 Qd3 48. Qg8+ Kh6 49. d5 e3 50. Qf8+ Kg6 51. d6 e2 52. Qe8+ Kg7 53. d7 e1=Q 54. Qxe1 Qxd7 55. Qa5 Qf7 56. Qxa4 Kg6 57. Qf4 Kg7 58. Qf5 Qg6 59. Qd7+ Qf7 60. Qd6 Qf8 61. Qc6 Qf7 62. Qb5 f5 63. Qc5 Kg6 64. Kg1 Qf6 65. Qe3 Qa1+ 66. Kh2 Qf6 67. Qe8+ Qf7 68. Qd8 Kg7 69. Qg5+ Qg6 70. Qc1 Qf6 71. Kg1 Kg6 72. Qd2 Qe5 73. Kf2 Qc5+ 74. Ke2 Qe7+ 75. Kf1 Qf6 76. Kg1 Qb6+ 77. Kh2 Qf6 78. Qd7 Qf7 79. Qc8 Qf6 80. Qg8+ Kh6 81. Qd5 Kg6 82. Qd2 Kg7 83. Qe3 Kg6 84. Kg1 Qa1+ 85. Kf2 Qf6 86. Qc5 Qb2+ 87. Ke3 Qf6 88. Kf4 Qe6 89. Qd4 Qf6 90. Qd5 Qf7 91. Qxf7+ 1-0

[Event "January 9 Late 2024"]
[Site "https://www.chess.com"]
[Date "2024.01.09"]
[Round "2"]
[White "Espinoza Villanueva, Rodrigo"]
[Black "Grigoriants, Sergey"]
[Result "0-1"]
[Board "62"]
[TimeControl "180+1"]
[WhiteFideId "5140188"]
[BlackFideId "4130804"]
[WhiteElo "2578"]
[BlackElo "2884"]
[WhiteTeam "MEX"]
[BlackTeam "HUN"]
[WhiteClock "0:01:32"]
[BlackClock "0:01:17"]

1. e4 e6 2. d3 d5 3. Nd2 c5 4. Ngf3 Nc6 5. g3 Bd6 6. Bg2 Nge7 7. O-O O-O 8. Re1 Bc7 9. c3 b6 10. a3 Ba6 11. Qc2 Rc8 12. Bf1 Qd7 13. Qa4 Bb7 14. b4 Rfd8 15. Bb2 a6 16. bxc5 bxc5 17. Rad1 h6 18. Ba1 Bb8 19. Nb3 Ne5 20. Qxd7 Nxf3+ 0-1

[Event "January 9 Late 2024"]
[Site "https://www.chess.com"]
[Date "2024.01.09"]
[Round "2"]
[White "Brunner, Nicolas"]
[Black "Kozak, Adam"]
[Result "0-1"]
[Board "63"]
[TimeControl "180+1"]
[WhiteFideId "620246"]
[BlackFideId "753246"]
[WhiteElo "2578"]
[BlackElo "2878"]
[WhiteTeam "FRA"]
[BlackTeam "HUN"]
[WhiteClock "0:00:01"]
[BlackClock "0:00:24"]

1. Nf3 c5 2. c4 e6 3. Nc3 g5 4. d3 g4 5. Nd2 Nc6 6. h3 g3 7. fxg3 Qc7 8. Kf2 h5 9. e3 Nge7 10. Be2 Nf5 11. Nde4 Bd6 12. Nxd6+ Qxd6 13. Ne4 Qe7 14. Bxh5 b6 15. Bf3 Bb7 16. b3 O-O-O 17. Bb2 d5 18. Nf6 d4 19. Ng4 Qc7 20. e4 Qxg3+ 21. Ke2 Ne3 22. Nxe3 dxe3 23. Kxe3 f5 24. Bxh8 fxe4 25. dxe4 Qg5+ 26. Ke2 Rxh8 27. Qd6 Nd4+ 28. Kf2 Qd2+ 29. Kf1 Rg8 30. Rd1 Qg5 31. Rxd4 cxd4 32. Qxe6+ Kb8 33. Qd6+ Ka8 34. Qxd4 Qc1+ 35. Qd1 Qf4 36. Kf2 Qg3+ 37. Kf1 Re8 38. Qd4 Qh4 39. Qg7 Rd8 40. Ke2 Bxe4 41. Rd1 Bxf3+ 42. gxf3 Re8+ 43. Kf1 Qxh3+ 44. Qg2 Qh5 45. f4+ Kb8 46. Qc6 Qxd1+ 0-1

[Event "January 9 Late 2024"]
[Site "https://www.chess.com"]
[Date "2024.01.09"]
[Round "2"]
[White "Pakleza, Zbigniew"]
[Black "Banerjee, Supratit"]
[Result "1-0"]
[Board "64"]
[TimeControl "180+1"]
[WhiteFideId "1119290"]
[BlackFideId "2410079"]
[WhiteElo "2873"]
[BlackElo "2578"]
[WhiteTeam "POL"]
[BlackTeam "SCO"]
[WhiteClock "0:00:14"]
[BlackClock "0:00:18"]

1. d4 d5 2. Nf3 Nf6 3. Bf4 e6 4. e3 Be7 5. Nbd2 O-O 6. Bd3 b6 7. Qe2 Bb7 8. h3 c5 9. c3 Nbd7 10. O-O Ne4 11. Bh2 f5 12. Rad1 Rc8 13. a3 c4 14. Bc2 b5 15. Nxe4 fxe4 16. Nd2 a5 17. f3 exf3 18. Nxf3 b4 19. axb4 axb4 20. e4 bxc3 21. bxc3 Nf6 22. Ng5 Qd7 23. e5 Ne4 24. Nxe4 dxe4 25. Bxe4 Bxe4 26. Qxe4 h6 27. Bf4 Rf5 28. g4 Rff8 29. Rb1 Kh8 30. Rb7 Rc7 31. Rb6 Bd8 32. Rd6 Qe7 33. Qg6 Qh4 34. Kg2 Ra7 35. Qc2 Qe7 36. Rf2 Bc7 37. Rc6 Qd7 38. Qe4 Bd8 39. Rd6 Qc8 40. Qc6 Qxc6+ 41. Rxc6 Bh4 42. Bg3 Rxf2+ 43. Kxf2 Ra2+ 44. Kf3 Bxg3 45. Kxg3 Ra4 46. Kf4 Kg8 47. Rxe6 Ra3 48. Rc6 Rxc3 49. h4 Kf7 50. h5 Rc1 51. Ke4 c3 52. Kd5 c2 53. Rc7+ Ke8 54. Ke6 Kd8 55. Rc4 Rg1 56. Rxc2 Rxg4 57. d5 Rg5 58. d6 Rxh5 59. d7 Rxe5+ 60. Kxe5 Kxd7 61. Kf5 Ke8 62. Kg6 Kf8 63. Rc8+ Ke7 64. Kxg7 h5 65. Rh8 Ke6 66. Rxh5 Kd6 67. Rf5 Ke7 68. Kg6 Ke6 69. Rg5 Ke7 70. Re5+ Kd6 71. Kf6 Kd7 72. Rd5+ Kc6 73. Ke6 Kc7 74. Rc5+ Kb6 75. Kd6 Kb7 76. Rb5+ Ka6 77. Kc6 Ka7 78. Kc7 Ka6 79. Rc5 Ka7 80. Ra5# 1-0